 Dungeon Crawl Stone Soup version 0.28.0-53-g5a82cb258f (webtiles) character file.

Game seed: 1840109238555921021

63 Brotato the Sneak (level 4, 0/38 HPs)
             Began as a Gnoll Brigand on June 15, 2022.
             Slain by a goblin
             ... wielding a +0 club
             ... led by Robin
              (6 damage)
             ... on level 3 of the Dungeon.
             The game lasted 00:01:52 (2213 turns).

Brotato the Sneak (Gnoll Brigand)                   Turns: 2213, Time: 00:01:53

Health: 0/38       AC:  3    Str: 10    XL:     4   Next: 9%
Magic:  5/5        EV: 13    Int: 10    God:
Gold:   89         SH:  0    Dex: 16    Spells: 5/5 levels left

rFire   . . .      SeeInvis .   a - +2 dagger
rCold   . . .      Faith    .   (no shield)
rNeg    . . .      Spirit   .   b - +0 robe
rPois   .          Reflect  .   (no helmet)
rElec   .          Harm     .   c - +0 cloak
rCorr   .          Rampage  .   (no gloves)
Will    .....                   (no boots)
Stlth   ++++......              (no amulet)
HPRegen 0.12/turn               (no ring)
MPRegen 0.09/turn               (no ring)

@: about to teleport
A: fangs 1, strong nose, distributed training
a: no special abilities


You were on level 3 of the Dungeon.
You visited 1 branch of the dungeon, and saw 3 of its levels.

You collected 89 gold pieces.

Inventory:

Hand Weapons
 a - a +2 dagger (weapon)
Missiles
 d - 10 poisoned darts (quivered)
 e - 6 curare-tipped darts
Armour
 b - a +0 robe (worn)
 c - a +0 cloak (worn)
Jewellery
 o - an amulet of regeneration
Scrolls
 f - 2 scrolls of identify {unknown}
 j - 2 scrolls of teleportation
 k - a scroll of vulnerability {unknown}
 m - a scroll of brand weapon {unknown}
 p - a scroll of fear {unknown}
Potions
 g - a potion of attraction {unknown}
 h - a potion of curing {unknown}
 i - 2 potions of heal wounds {unknown}
 l - a potion of flight {unknown}
 n - a potion of haste {unknown}


   Skills:
 + Level 4.6 Fighting
 + Level 4.6 Short Blades
 + Level 1.0 Long Blades
 + Level 1.0 Axes
 + Level 1.0 Maces & Flails
 + Level 1.0 Polearms
 + Level 1.0 Staves
 + Level 1.0 Slings
 + Level 1.0 Bows
 + Level 1.0 Crossbows
 + Level 4.6 Throwing
 + Level 1.0 Armour
 + Level 2.7 Dodging
 + Level 7.8 Stealth
 + Level 1.0 Shields
 + Level 1.0 Unarmed Combat
 + Level 1.0 Spellcasting
 + Level 0.8 Conjurations
 + Level 0.8 Hexes
 + Level 0.8 Summonings
 + Level 0.8 Necromancy
 + Level 0.8 Translocations
 + Level 0.8 Transmutations
 + Level 0.8 Fire Magic
 + Level 0.8 Ice Magic
 + Level 0.8 Air Magic
 + Level 0.8 Earth Magic
 + Level 0.8 Poison Magic
 + Level 1.1 Invocations
 + Level 1.0 Evocations


You had 5 spell levels left.
You didn't know any spells.
Your spell library was empty.

Dungeon Overview and Level Annotations

Branches:
Dungeon (3/15)

Altars:

Annotations:
D:3 Robin


Innate Abilities, Weirdness & Mutations

You have very sharp teeth.
Your uncanny sense of smell can sniff out nearby items.
Your experience applies equally to all skills.


Message History

The goblin hits you but does no damage.
You are too injured to fight recklessly!
You are too injured to fight recklessly!
You are too injured to fight recklessly!
You are too injured to fight recklessly!
You are too injured to fight recklessly!
You are too injured to fight recklessly!
You are too injured to fight recklessly!
You are too injured to fight recklessly!
You are too injured to fight recklessly!
You are too injured to fight recklessly!
You are too injured to fight recklessly!
You are too injured to fight recklessly!
You are too injured to fight recklessly!
You are too injured to fight recklessly!
You are too injured to fight recklessly!
You are too injured to fight recklessly!
You are too injured to fight recklessly!
You are too injured to fight recklessly!
You are too injured to fight recklessly!
You are too injured to fight recklessly!
You are too injured to fight recklessly!
You are too injured to fight recklessly!
You are too injured to fight recklessly!
You are too injured to fight recklessly!
You are too injured to fight recklessly!
You are too injured to fight recklessly!
You are too injured to fight recklessly!
You are too injured to fight recklessly!
You are too injured to fight recklessly!
You are too injured to fight recklessly!
As you read the scroll labelled ASETI BIVINYTO, it crumbles to dust.
You feel strangely unstable.
It was a scroll of teleportation.
The goblin hits you with a +0 dagger. The hobgoblin closely misses you.
The hobgoblin hits you.
* * * LOW HITPOINT WARNING * * *
The goblin hits you with a +0 club.
* * * LOW HITPOINT WARNING * * *
The goblin closely misses you. The goblin hits you with a +0 club.
You die...

#.........###†...
+.........'......
#.........#######
∆###.........#
#...........# #
#.#.#########
#.#+#'###
###..ggg..#
#...gg@gg.#
#....ggg..#
#......[..#
#.........#
#.........#
#.........#
####......#
#......#


You could see Robin, 3 hobgoblins and 6 goblins.

Vanquished Creatures
  An adder (D:2)
  2 dart slugs
  3 ball pythons
  4 endoplasms (D:1)
  4 giant cockroaches
  6 goblins
  3 hobgoblins
  6 jackals (D:1)
  3 quokkas
  A bat (D:1)
  4 frilled lizards
  5 kobolds
  2 rats
44 creatures vanquished.

Notes
Turn   | Place    | Note
-------+----------+-------------------------------------------
     0 | D:1      | Brotato the Gnoll Brigand began the quest for the Orb.
     0 | D:1      | Reached XP level 1. HP: 20/20 MP: 1/1
   274 | D:1      | Reached XP level 2. HP: 26/26 MP: 2/2
   791 | D:1      | Reached XP level 3. HP: 27/31 MP: 3/3
  1130 | D:2      | Reached skill level 1 in Invocations
  1560 | D:2      | Reached skill level 1 in Long Blades
  1560 | D:2      | Reached skill level 1 in Axes
  1560 | D:2      | Reached skill level 1 in Maces & Flails
  1560 | D:2      | Reached skill level 1 in Polearms
  1560 | D:2      | Reached skill level 1 in Staves
  1560 | D:2      | Reached skill level 1 in Slings
  1560 | D:2      | Reached skill level 1 in Bows
  1560 | D:2      | Reached skill level 1 in Crossbows
  1560 | D:2      | Reached skill level 1 in Armour
  1560 | D:2      | Reached skill level 1 in Shields
  1560 | D:2      | Reached skill level 1 in Unarmed Combat
  1560 | D:2      | Reached skill level 1 in Spellcasting
  1560 | D:2      | Reached skill level 1 in Evocations
  2100 | D:3      | Reached XP level 4. HP: 38/38 MP: 5/5
  2200 | D:3      | Noticed Robin
  2213 | D:3      | Slain by a goblin

Illustrated notes

Levels and vault maps discovered:
D:1:      dpeg_arrival_chambers_temple_mockup, layout_basic
D:2:      layout_basic
D:3:      layout_basic, lemuel_doored_altar, hellmonk_ecumenical_altar_blasted,
          kennysheep_generic_room_7, uniq_robin

Skill      XL: |  1  2  3 |
---------------+----------+-----
Invocations    | 1 |  1.1
Long Blades    | 1 |  1.0
Axes           | 1 |  1.0
Maces & Flails | 1 |  1.0
Polearms       | 1 |  1.0
Staves         | 1 |  1.0
Slings         | 1 |  1.0
Bows           | 1 |  1.0
Crossbows      | 1 |  1.0
Armour         | 1 |  1.0
Shields        | 1 |  1.0
Unarmed Combat | 1 |  1.0
Spellcasting   | 1 |  1.0
Evocations     | 1 |  1.0
Fighting       | |  4.6
Short Blades   | |  4.6
Throwing       | |  4.6
Dodging        | |  2.7
Stealth        | |  7.8
Conjurations   | |  0.8
Hexes          | |  0.8
Summonings     | |  0.8
Necromancy     | |  0.8
Translocations | |  0.8
Transmutations | |  0.8
Fire Magic     | |  0.8
Ice Magic      | |  0.8
Air Magic      | |  0.8
Earth Magic    | |  0.8
Poison Magic   | |  0.8

Action                   |  1- 3 |  4- 6 || total
-------------------------+-------+-------++-------
Melee: Dagger            |    80 |    11 ||    91
       Bite              |     7 |     3 ||    10
       Punch             |     1 |       ||     1
  Use: Scroll            |       |     1 ||     1
 Stab: Sleeping          |    21 |     1 ||    22
Armor: Robe              |     6 |     5 ||    11
Dodge: Dodged            |    24 |    19 ||    43
